AoeStats
← Stanko2026

Glade

510293551Analyzed
1v1 RM · 1d ago on Sep 30, 2026· 129m 44s· 2 players
Game mode
Random Map
Map size
Tiny (2 player)
Population
200
Speed
Normal
Resources
Standard
Victory
Conquest
Starting age
Dark Age
Ending age
Imperial Age
RankedLock teamsTeams togetherTeam positionsShared explorationLock speedFull tech treeHidden civsTurbo modeCheats
Victory
Defeat
🇨🇭 Teutons · Switzerland
802
+16
🇩🇪 Sicilians · Germany
795
-16
Stanko2026
0:30 Loom
12:56 Feudal Age
13:22 Horse Collar
13:29 Double-Bit Axe
16:05 Gold Mining
16:06 Stone Mining
21:48 Scale Mail Armor
21:59 Forging
24:01 Castle Age
23:39 Arson
23:48 Fletching
23:59 Padded Archer Armor
25:44 Bow Saw
25:44 Heavy Plow
27:04 Gold Shaft Mining
27:04 Stone Shaft Mining
27:46 Murder Holes
28:17 Pikeman
28:58 Squires
28:55 Bodkin Arrow
29:17 Chain Mail Armor
31:03 Ballistics
44:23 Imperial Age
43:15 Leather Archer Armor
43:36 Iron Casting
43:07 Scale Barding Armor
42:44 Elite Skirmisher
43:43 Crossbowman
44:36 Elite Serjeant
46:24 Chemistry
47:49 Conscription
48:08 Hoardings
48:59 Arbalester
49:22 Light Cavalry
50:13 Bloodlines
53:00 Heavy Scorpion
54:51 Husbandry
55:58 Crop Rotation
56:21 Cavalier
64:38 Bracer
65:38 Blast Furnace
65:09 Plate Mail Armor
64:28 Arrowslits
65:17 Halberdier
78:35 Hauberk
78:41 Hauberk
78:40 Capped Ram
105:01 Chain Barding Armor
dominik1
6:26 Loom
9:36 Feudal Age
10:06 Town Watch
10:09 Double-Bit Axe
10:08 Horse Collar
19:18 Castle Age
18:59 Stone Mining
19:41 Fletching
20:19 Scale Mail Armor
20:31 Forging
20:47 Bow Saw
20:46 Squires
23:13 Scale Barding Armor
24:07 Bloodlines
25:30 Wheelbarrow
27:41 Bodkin Arrow
28:59 Chain Mail Armor
31:14 Iron Casting
31:12 Ironclad
37:37 Imperial Age
36:18 Chain Barding Armor
38:52 Capped Ram
40:24 Crenellations
40:24 Conscription
40:40 Hand Cart
40:29 Town Patrol
40:49 Elite Skirmisher
42:23 Stone Shaft Mining
41:45 Gold Mining
43:32 Two-Man Saw
45:46 Hoardings
48:04 Ballistics
48:45 Chemistry
47:50 Siege Engineers
47:56 Masonry
48:42 Elite Teutonic Knight
49:20 Arson
50:44 Plate Mail Armor
51:14 Blast Furnace
52:06 Cavalier
54:50 Plate Barding Armor
54:16 Padded Archer Armor
57:00 Leather Archer Armor
56:13 Paladin
58:21 Heavy Plow
62:05 Guard Tower
67:17 Crop Rotation
70:41 Sappers
74:25 Arrowslits
75:27 Keep
93:42 Fortified Wall
94:00 Bombard Tower
93:28 Pikeman
98:17 Halberdier
100:39 Onager
103:29 Heated Shot
103:40 Siege Onager
125:20 Ring Archer Armor
Connection lost

Rejoining the realm…

Still unreachable

The connection could not be restored.

Session expired

The server has moved on; the page needs a fresh start.